 Dungeon Crawl Stone Soup version 0.30-a0-341-g682706514a (webtiles) character file.

Game seed: 16268988678256543033

93472 blackman the Placeless Human (level 16, -2/134 HPs)
             Began as a Human Delver on Nov 1, 2022.
             Was a High Priest of Ashenzari.
             Killed from afar by a balrug (47 damage)
             ... with a bolt of fire
             ... on level 1 of the Orcish Mines.
             The game lasted 01:17:59 (30598 turns).

blackman the Placeless Human (Human Delver)        Turns: 30598, Time: 01:18:00

Health: -2/134     AC: 14    Str: 21    XL:     16   Next: 57%
Magic:  33/33      EV: 31    Int: 14    God:    Ashenzari [*****.]
Gold:   1898       SH: 11    Dex: 25    Spells: 31/42 levels left

rFire   . . .      SeeInvis +    T - +8 scimitar of Desmomancy {flame, Bglg, Comp} (curse)
rCold   . . .      Faith    .    y - +3 buckler "I Knew You'd Do That" {Dex+4, Self, Melee} (curse)
rNeg    + . .      Spirit   .    l - +1 robe of Curses and Power {Str+5 Dex+2, Elem, Cun} (curse)
rPois   +          Reflect  .    b - +2 helmet "Irritation of Ashenzari" {rN+ Str+3, Bglg, Elem} (curse)
rElec   .          Harm     .    (no cloak)
rCorr   .          Rampage  .    w - +3 pair of gauntlets of War {Slay+5}
Will    +....      Clarity  +    D - +2 pair of boots of the Shattered Comet {Fort, Self} (curse)
Stlth   +++++.....               F - amulet of Vitality {RegenMP++ Regen++, Self, Cun} (curse)
HPRegen 2.02/turn                h - ring "Shattered Pantheism" {EV+4, Fort, Elem} (curse)
MPRegen 1.03/turn                G - ring of the Fated Trepidation {rPois, Melee, Cun} (curse)

@: slowed, very slow
A: no striking features
a: Renounce Religion, Shatter the Chains


You were on level 1 of the Orcish Mines.
You worshipped Ashenzari.
Ashenzari was extremely pleased with you.
You visited 3 branches of the dungeon, and saw 21 of its levels.

You collected 2782 gold pieces.
You spent 884 gold pieces at shops.

Inventory:

Hand Weapons
 t - a +2 whip of electrocution
 T - the cursed +8 scimitar of Desmomancy (weapon) {flame, Bglg, Comp}
   (You took it off an efreet on level 14 of the Dungeon)

   It burns those it strikes, dealing additional fire damage.
   Big, fiery blades are also staple armaments of hydra-hunters.
   It has a curse which improves the following skills: Beguiling: Conjurations,
   Hexes and Translocations.
   Companions: Summonings and Necromancy.
Missiles
 n - a javelin
 q - 7 curare-tipped darts
 A - a throwing net
 B - 49 poisoned darts (quivered)
Armour
 b - the cursed +2 helmet "Irritation of Ashenzari" (worn) {rN+ Str+3, Bglg, Elem}
   (You acquired it on level 9 of the Dungeon)

   Str:       It affects your strength (+3).
   rN:        It protects you from negative energy.
   It has a curse which improves the following skills: Beguiling: Conjurations,
   Hexes and Translocations.
   Elements:  Fire Magic, Ice Magic, Air Magic and Earth Magic.
 l - the cursed +1 robe of Curses and Power (worn) {Str+5 Dex+2, Elem, Cun}
   (You found it on level 1 of the Lair of Beasts)

   Str:       It affects your strength (+5).
   Dex:       It affects your dexterity (+2).
   It has a curse which improves the following skills: Elements: Fire Magic, Ice
   Magic, Air Magic and Earth Magic.
   Cunning:   Dodging and Stealth.
 r - a +1 helmet
 w - the +3 pair of gauntlets of War (worn) {Slay+5}
   (You found it on level 4 of the Lair of Beasts)

   Slay:      It affects your accuracy & damage with ranged weapons and melee
   (+5).
 y - the cursed +3 buckler "I Knew You'd Do That" (worn) {Dex+4, Self, Melee}
   (You acquired it on level 2 of the Dungeon)

   Dex:       It affects your dexterity (+4).
   It has a curse which improves the following skills: Introspection: Fighting
   and Spellcasting.
   Melee Combat: Short Blades, Long Blades, Axes, Maces & Flails, Polearms,
   Staves and Unarmed Combat.
 D - the cursed +2 pair of boots of the Shattered Comet (worn) {Fort, Self}
   (You found it on level 4 of the Lair of Beasts)

   It has a curse which improves the following skills: Fortitude: Armour and
   Shields.
   Introspection: Fighting and Spellcasting.
Jewellery
 h - the cursed ring "Shattered Pantheism" (left hand) {EV+4, Fort, Elem}
   (You found it on level 5 of the Dungeon)

   [ring of evasion]

   EV:        It affects your evasion (+4).
   It has a curse which improves the following skills: Fortitude: Armour and
   Shields.
   Elements:  Fire Magic, Ice Magic, Air Magic and Earth Magic.
 k - an amulet of magic regeneration
 z - a ring of magical power
 C - a ring of positive energy
 F - the cursed amulet of Vitality (around neck) {RegenMP++ Regen++, Self, Cun}
   (You found it on level 10 of the Dungeon)

   [amulet of magic regeneration]

   It increases your rate of magic regeneration.
   Regen:     It increases your rate of health regeneration.
   It has a curse which improves the following skills: Introspection: Fighting
   and Spellcasting.
   Cunning:   Dodging and Stealth.
 G - the cursed ring of the Fated Trepidation (right hand) {rPois, Melee, Cun}
   (You found it on level 6 of the Dungeon)

   [ring of poison resistance]

   rPois:     It protects you from poison.
   It has a curse which improves the following skills: Melee Combat: Short
   Blades, Long Blades, Axes, Maces & Flails, Polearms, Staves and Unarmed
   Combat.
   Cunning:   Dodging and Stealth.
 H - a ring of flight
 J - an amulet of the acrobat
 N - a ring of resist corrosion
 W - a ring of wizardry
Wands
 g - a wand of digging (1)
 L - a wand of paralysis (7)
 U - a wand of polymorph (5)
 V - a wand of flame (4)
 X - a wand of iceblast (4)
Scrolls
 a - a scroll of summoning
 c - a scroll of fog
 d - 5 scrolls of magic mapping
 j - 3 scrolls of fear
 m - 2 scrolls of amnesia
 p - 14 scrolls of teleportation
 s - 3 scrolls of poison
 K - 6 scrolls of blinking
 O - 5 scrolls of enchant armour
 P - 2 scrolls of butterflies
Potions
 e - a potion of berserk rage
 f - 2 potions of haste
 i - 3 potions of invisibility
 o - 5 potions of flight
 u - 2 potions of might
 v - 3 potions of mutation
 x - 2 potions of magic
 E - 4 potions of lignification
 I - 4 potions of attraction
 M - 4 potions of resistance
 Q - 4 potions of curing
 R - a potion of cancellation
 S - a potion of heal wounds


   Skills:
 - Level 10.4(14.9) Fighting
 - Level 11.1(14.5) Long Blades
 - Level 4.2(7.3) Armour
 - Level 12.0(16.5) Dodging
 - Level 5.0(9.2) Stealth
 - Level 6.7(10.2) Shields
 - Level 9.3(13.8) Spellcasting
 - Level 8.6(12.1) Conjurations
 * Level 13.3(16.7) Translocations
 - Level 7.7(12.2) Fire Magic


You had 31 spell levels left.
You knew the following spells:

 Your Spells              Type           Power      Damage    Failure   Level
a - Blink                 Tloc           100%       N/A       0%          2
b - Manifold Assault      Tloc           54%        N/A       1%          4
c - Fireball              Conj/Fire      21%        3d10      1%          5

Your spell library contained the following spells:

 Spells                   Type           Power      Damage    Failure   Level
 Foxfire                  Conj/Fire      100%       2x1d9     1%          1
 Gell's Gravitas          Tloc           54%        N/A       1%          3
 Hailstorm                Conj/Ice       27%        3d7       1%          3
 Kindle Blastsparks       Fire/Tloc/Air  74%        2d16      1%          3
 Lesser Beckoning         Tloc           100%       N/A       1%          3
 Portal Projectile        Hex/Tloc       66%        N/A       1%          3
 Stone Arrow              Conj/Erth      54%        3d10      1%          3
 Teleport Other           Tloc           54%        N/A       1%          3
 Iskenderun's Mystic Bla  Conj/Tloc      50%        2d11      1%          4
 Dispersal                Tloc           27%        N/A       1%          6
 Fulminant Prism          Conj/Hex       13%        3d8       6%          4
 Necrotise                Necr           40%        1d6       8%          1
 Summon Small Mammal      Summ           40%        N/A       8%          1
 Starburst                Conj/Fire      21%        6d7       9%          6
 Ensorcelled Hibernation  Hex/Ice        22%        N/A       10%         2
 Call Canine Familiar     Summ           10%        N/A       22%         3
 Summon Guardian Golem    Hex/Summ       10%        N/A       22%         3
 Spider Form              Tmut/Pois      9%         N/A       26%         3
 Leda's Liquefaction      Hex/Erth       5%         N/A       54%         4
 Anguish                  Hex/Necr       5%         N/A       56%         4
 Ice Form                 Ice/Tmut       10%        N/A       58%         4
 Iron Shot                Conj/Erth      13%        9d3       67%         6
 Lee's Rapid Deconstruct  Erth           5%         3d6*      87%         5
 Borgnjor's Vile Clutch   Necr/Erth      5%         N/A       88%         5
 Death Channel            Necr           5%         N/A       100%        6
 Simulacrum               Ice/Necr       5%         N/A       100%        6
 Enfeeble                 Hex            5%         N/A       100%        7
 Storm Form               Tmut/Air       5%         N/A       100%        7


Dungeon Overview and Level Annotations

Branches:
Dungeon (15/15)            Temple (0/1) D:4            Lair (5/5) D:8
  Swamp (0/4) Lair:3        Snake (0/4) Lair:3        Slime (0/5) Lair:4
    Orc (1/2) D:9          Vaults (0/5) D:13         Depths (0/4) D:15

Altars:
Ashenzari
Cheibriados
Fedhas
Gozag
Hepliaklqana
Makhleb
Nemelex Xobeh
Okawaru
Qazlal
Trog
Wu Jian
Yredelemnul
The Shining One
Jiyva

Shops:
D:4 :   D:9 ?   D:12 *   D:13 =

Annotations:
D:9 1 runed translucent door, eyols's ghost, amateur FoHs
Lair:3 2 transporters, Muataran's ghost, journeyman HOFi


Message History

There is an open door here.
Found a deep dwarf corpse.
Found a runed translucent door.
There is a dry fountain here.
Found a +0 broad axe and a deep dwarf corpse.
The balrug shouts!
Found a deep dwarf corpse.
Press: ? - help, v - describe, . - travel, g - get item
Items here: ) [[ †.
The floor.
You open the door. The balrug gestures at you.
The sticky flame hits you but does no damage.
You are covered in liquid flames!
You slice the balrug!!
The balrug is moderately wounded.
You are covered in liquid flames!
The balrug hits you with a +0 demon whip!
You are engulfed in flames!
You slice the balrug!!
The balrug is heavily wounded.
You are covered in liquid flames!
You block the balrug's attack.
You closely miss the balrug.
The balrug is heavily wounded.
The balrug gestures at you. The sticky flame misses you.
You hit the balrug.
The balrug is heavily wounded.
The balrug hits you with a +0 demon whip!
You are engulfed in flames!!
The balrug hits you with a +0 demon whip.
You are engulfed in flames!!
You slice the balrug!!
The balrug is almost dead.
You block the balrug's attack.
You closely miss the balrug.
The balrug is almost dead.
The balrug gestures at you. The bolt of fire hits you!!!
You die...

.........#............#**#.......
........#...≈≈≈≈≈≈.≈≈≈≈≈≈≈#......
....#..#....≈####≈≈≈#####≈##...##
.......#....≈#8.#####..8#≈###....
......#.....≈#..+ +...#≈##.#...
##.#..##....≈#.†## *#...#≈#......
##....#...≈≈#.†⌠#####..#≈≈#.....
##).#....≈##..†#..†#..#8≈≈8....
###.#..#)..≈#>8.@2.)∩#..[........
#....).....≈##...#†..#..#8≈≈8#...
....)))....≈≈#..⌠# ###..#≈≈#.#...
..##)<).....≈#..#####...#≈.......
...#).......≈#..'...'...#≈.#.#...
.....[..##..≈#8.#####..8#≈.###..)
#..#.#.##...≈####≈≈≈#####≈##.#..)
......#.#...≈≈≈≈≈≈.≈≈≈≈≈≈≈#....)#
#....#.......#.........###......#


You could see a balrug.

Vanquished Creatures
  Gastronok (Orc:1)
  A stone giant (D:15)
  A fire dragon (Lair:5)
  The ghost of p00ps00p the Fighter, a journeyman HOFi of Gozag (D:10)
  A rakshasa (D:15)
  4 hydras
  2 ogre magi
  A vault guard (D:13)
  3 centaur warriors
  10 two-headed ogres
  3 catoblepae (Lair:5)
  4 boulder beetles
  4 death yaks
  3 tengu warriors
  An orc high priest (Orc:1)
  Sonja (D:10)
  6 deep trolls (D:10)
  2 lindwurms (Lair:5)
  An orc knight (Orc:1)
  A deep elf pyromancer (D:15)
  3 orc sorcerers (Orc:1)
  7 ugly things
  3 cyclopes
  An oklob plant (Lair:1)
  5 manticores
  A guardian serpent (Lair:3)
  6 elephants
  6 black mambas
  7 torpor snails
  15 cane toads
  2 unseen horrors
  A gargoyle (D:13)
  3 kobold demonologists
  A rime drake (Lair:4)
  2 tengu conjurers
  6 komodo dragons
  2 freezing wraiths
  An efreet (D:14)
  4 trolls
  3 polar bears
  The ghost of Encipher the Grasshopper, an amateur DrRe (D:5)
  3 meliai (D:15)
  9 hornets
  3 tyrant leeches (Lair:5)
  34 blink frogs
  A hornet (shapeshifter) (D:15)
  23 slime creatures
  14 dream sheep
  2 vampires
  2 wraiths
  8 wyverns
  A shadow (D:12)
  A ynoxinul (D:10)
  48 yaks
  2 basilisks
  Grum (D:10)
  A steam dragon (D:6)
  2 vampire mosquitoes (D:13)
  4 wargs (Orc:1)
  21 water moccasins
  12 orc warriors
  3 ice beasts
  10 centaurs
  12 ogres
  10 wolves
  2 phantoms
  3 kobold brigands
  11 bullfrogs
  4 scorpions
  A necrophage (D:4)
  2 cane toad simulacra (Orc:1)
  A gnoll sergeant (D:11)
  3 two-headed ogre simulacra (Orc:1)
  5 wights (D:8)
  5 killer bees (D:8)
  4 electric eels
  6 howler monkeys
  4 hounds
  A gnoll bouda (D:4)
  14 orc priests
  4 jellies
  6 iguanas
  27 orc wizards
  A polar bear simulacrum (Orc:1)
  2 hell rats (Lair:2)
  12 gnolls
  9 adders
  2 naga simulacra (Orc:1)
  8 river rats (Lair:2)
  A shadow imp (D:6)
  A white imp (D:5)
  3 ufetubi
  A worm (D:2)
  4 dart slugs
  87 orcs
  4 bats
  8 endoplasms
  2 giant cockroaches
  8 goblins
  11 hobgoblins
  5 jackals
  4 quokkas
  6 ball pythons
  3 frilled lizards (D:2)
  24 kobolds
  8 rats
675 creatures vanquished.

Vanquished Creatures (collateral kills)
  2 hydras
  A komodo dragon (Lair:2)
  A water moccasin (Lair:2)
4 creatures vanquished.

Vanquished Creatures (others)
  A blink frog (Lair:3)
  A swamp drake (Lair:3)
  An iguana (Lair:3)
  31 fungi
  39 plants
  2 withered plants (D:5)
75 creatures vanquished.

Grand Total: 754 creatures vanquished

Notes
Turn   | Place    | Note
-------+----------+-------------------------------------------
     0 | D:5      | blackman the Human Delver began the quest for the Orb.
     0 | D:5      | Reached XP level 1. HP: 18/18 MP: 1/1
    14 | D:5      | Noticed an orc priest
    30 | D:5      | Found a broken altar of Ashenzari.
    43 | D:5      | Became a worshipper of Ashenzari the Shackled
    57 | D:5      | Noticed an iguana
    64 | D:5      | Noticed a jelly
    96 | D:4      | Found a transporter.
   147 | D:4      | Noticed an electric eel
   155 | D:4      | Noticed an electric eel
   160 | D:4      | Killed an electric eel
   161 | D:4      | Reached XP level 2. HP: 13/24 MP: 2/2
   161 | D:4      | Reached XP level 3. HP: 16/29 MP: 3/3
   219 | D:4      | Reached XP level 4. HP: 31/35 MP: 4/4
   237 | D:4      | Found a transporter.
   269 | D:4      | Found an ornate altar of the Wu Jian Council.
   277 | D:4      | Reached XP level 5. HP: 41/41 MP: 5/5
   305 | D:4      | Reached skill level 5 in Long Blades
   695 | D:2      | Reached XP level 6. HP: 34/47 MP: 6/6
  1646 | D:1      | Reached * piety under Ashenzari
  2128 | D:3      | Reached ** piety under Ashenzari
  2341 | D:3      | Found a faded altar of an unknown god.
  2353 | D:3      | Identified a scroll of acquirement
  2395 | D:2      | Acquired the +3 buckler of Merr {Dex+4}
  2567 | D:3      | Reached XP level 7. HP: 50/52 MP: 7/7
  3181 | D:4      | Reached XP level 8. HP: 44/58 MP: 8/8
  3412 | D:4      | Found Povveo's Book Shoppe.
  3663 | D:4      | Found a staircase to the Ecumenical Temple.
  4168 | D:5      | Reached skill level 1 in Shields
  4189 | D:5      | Found a sparkling altar of Nemelex Xobeh.
  4844 | D:5      | Reached XP level 9. HP: 69/69 MP: 9/9
  4847 | D:5      | Found a runed translucent door.
  4847 | D:5      | Noticed Encipher's ghost (amateur DrRe)
  4868 | D:5      | Reached skill level 5 in Fighting
  5305 | D:5      | Killed Encipher's ghost
  5395 | D:6      | Reached skill level 5 in Shields
  5709 | D:6      | Found a stormy altar of Qazlal.
  5902 | D:6      | Found a blossoming altar of Fedhas.
  6084 | D:6      | Reached *** piety under Ashenzari
  6739 | D:6      | Noticed a troll
  6747 | D:6      | Killed a troll
  6834 | D:6      | Reached XP level 10. HP: 81/83 MP: 10/10
  7272 | D:7      | Found a glowing golden altar of the Shining One.
  7274 | D:7      | Noticed an angel
  7393 | D:7      | Found a basalt altar of Yredelemnul.
  7396 | D:7      | Noticed a profane servitor
  7717 | D:7      | Identified the +6 spear of Kepperol {venom, *Noise rPois
                  | rN+}
  8042 | D:8      | Identified the Almanac of Transformed Malignant Deeds
  8310 | D:8      | Reached skill level 5 in Dodging
  8375 | D:8      | Found a staircase to the Lair.
  9016 | D:9      | Found Pelin's Magic Scroll Boutique.
  9087 | D:9      | Found a snail-covered altar of Cheibriados.
  9087 | D:9      | Found a hazy altar of Hepliaklqana.
  9244 | D:9      | Reached **** piety under Ashenzari
  9254 | D:9      | Found an opulent altar of Gozag.
  9341 | D:9      | Noticed a two-headed ogre
  9357 | D:9      | Killed a two-headed ogre
  9358 | D:9      | Reached XP level 11. HP: 85/95 MP: 11/11
  9431 | D:9      | Found a staircase to the Orcish Mines.
  9566 | D:9      | Reached skill level 10 in Fighting
  9847 | D:9      | Reached skill level 1 in Armour
 10110 | D:9      | Found a runed translucent door.
 10111 | D:9      | Noticed a cyclops
 10111 | D:9      | Noticed eyols's ghost (amateur FoHs)
 10111 | D:9      | Identified the +4 arbalest of Zesown {flame, rElec rC++
                  | Will- MP+9}
 10686 | Lair:1   | Entered Level 1 of the Lair of Beasts
 10742 | Lair:1   | Reached skill level 1 in Spellcasting
 10813 | Lair:1   | HP: 2/95 [komodo dragon (15)]
 11467 | Lair:1   | Reached skill level 1 in Translocations
 11527 | Lair:1   | Reached skill level 2 in Translocations
 11552 | Lair:1   | Reached skill level 3 in Translocations
 11761 | Lair:1   | Reached skill level 4 in Translocations
 11761 | Lair:1   | Reached XP level 12. HP: 46/102 MP: 22/22
 11792 | Lair:1   | HP: 3/102 [blink frog (16)]
 12163 | Lair:1   | Identified the +1 robe of Bad Feelings {Str+5 Dex+2}
 12954 | Lair:1   | Reached skill level 5 in Translocations
 13125 | Lair:2   | Reached skill level 6 in Translocations
 13555 | Lair:1   | Learned a level 2 spell: Blink
 13561 | Lair:1   | Learned a level 4 spell: Manifold Assault
 14415 | D:9      | Reached skill level 1 in Fire Magic
 14506 | D:10     | Entered Level 10 of the Dungeon
 14514 | D:10     | Noticed Grum
 14911 | D:10     | Found a burning altar of Makhleb.
 15012 | D:10     | Identified the cursed +0 pair of gloves of Toth-Mos's
                  | Legacy {Fort, Elem} (You found it on level 5 of the
                  | Dungeon)
 15090 | D:10     | Killed Grum
 15354 | D:10     | Noticed Sonja
 15366 | D:10     | Killed Sonja
 15387 | D:10     | Noticed p00ps00p's ghost (journeyman HOFi)
 15388 | D:10     | Identified Sif Muna's Directory of Spelunking
 15395 | D:10     | Found a runed translucent door.
 15582 | D:10     | Noticed a deep troll
 15582 | D:10     | Noticed a deep troll
 15607 | Orc:1    | Entered Level 1 of the Orcish Mines
 15620 | Orc:1    | Reached skill level 5 in Fire Magic
 15913 | D:9      | Acquired the +2 helmet of the Thoughtful Princes {rN+
                  | Str+3}
 15980 | Lair:2   | Reached skill level 1 in Conjurations
 16075 | Lair:2   | Noticed an eight-headed hydra
 16082 | Lair:2   | Killed an eight-headed hydra
 16190 | Lair:2   | Learned a level 5 spell: Fireball
 16578 | Lair:2   | Reached skill level 5 in Conjurations
 17102 | Lair:3   | Reached XP level 13. HP: 81/108 MP: 23/23
 17656 | Lair:3   | Found a staircase to the Snake Pit.
 18940 | Lair:3   | Found a transporter.
 18955 | Lair:3   | Found a bloodstained altar of Trog.
 18957 | Lair:3   | Noticed Muataran's ghost (journeyman HOFi)
 20105 | Lair:3   | Found a staircase to the Swamp.
 20313 | Lair:3   | Found a transporter.
 20964 | Lair:4   | Noticed a five-headed hydra
 20970 | Lair:4   | Noticed a six-headed hydra
 20972 | Lair:4   | Killed a five-headed hydra
 20977 | Lair:4   | Killed a seven-headed hydra
 21232 | Lair:4   | Reached XP level 14. HP: 82/115 MP: 16/24
 21280 | Lair:4   | HP: 3/115 [black mamba (12)]
 21366 | Lair:4   | Reached skill level 10 in Dodging
 22200 | Lair:4   | Found a viscous altar of Jiyva.
 22200 | Lair:4   | Found a staircase to the Slime Pits.
 22201 | Lair:4   | Found the +3 pair of gauntlets of War {Slay+5}
 23452 | D:10     | Found the amulet of Vitality {RegenMP++ Regen++}
 23616 | D:10     | Reached skill level 5 in Spellcasting
 23698 | D:10     | Killed p00ps00p's ghost
 25066 | D:12     | Found Kilel's General Store.
 25074 | D:12     | Bought a scroll of acquirement for 884 gold pieces
 25074 | D:12     | Acquired 387 gold pieces
 25255 | D:13     | Found Aggij's Jewellery Shop.
 25762 | D:13     | Reached XP level 15. HP: 124/124 MP: 30/30
 25768 | D:13     | Found a gate to the Vaults.
 26821 | D:14     | Found an iron altar of Okawaru.
 27273 | D:14     | Identified the +0 leather armour of Kun Qics {Regen+}
 27345 | D:15     | Entered Level 15 of the Dungeon
 27354 | D:15     | Reached skill level 10 in Long Blades
 27443 | D:15     | Reached skill level 7 in Translocations
 27524 | D:15     | Found a bloodstained altar of Trog.
 27791 | D:15     | Reached skill level 8 in Translocations
 27935 | D:15     | Reached skill level 9 in Translocations
 28097 | D:15     | Found a staircase to the Depths.
 28097 | D:15     | Noticed a stone giant
 28103 | D:15     | Killed a stone giant
 28419 | Lair:5   | Entered Level 5 of the Lair of Beasts
 28564 | Lair:5   | Found a runed translucent door.
 28619 | Lair:5   | Reached skill level 10 in Translocations
 28725 | Lair:5   | Reached XP level 16. HP: 115/131 MP: 14/32
 29141 | Lair:5   | Reached skill level 11 in Translocations
 29322 | Lair:5   | Reached skill level 12 in Translocations
 30209 | Orc:1    | Reached skill level 13 in Translocations
 30260 | Orc:1    | Reached ***** piety under Ashenzari
 30542 | Orc:1    | Noticed Gastronok
 30555 | Orc:1    | Killed Gastronok
 30587 | Orc:1    | Found a runed translucent door.
 30598 | Orc:1    | Killed from afar by a balrug

Illustrated notes

Levels and vault maps discovered:
D:1:      minmay_arrival_shoal_huts, layout_loops_cross
D:2:      minmay_evil_eye, layout_loops_ring
D:3:      layout_basic, ebering_ecumenical_altar_rust
D:4:      gammafunk_steamed_eel, layout_basic, nicolae_wu_jian_wuxing_cycle,
          minmay_temple_entry_from_below_a, nicolae_take_the_stairs,
          corner_web_ring, dk_noncrumbling_4
D:5:      layout_loops_ring, kennysheep_little_box, cheibrodos_ashenzari_chains,
          gammafunk_ghost_grave, amcnicky_mini_corridor_feature
D:6:      wad_river_or_something, layout_layer_cave,
          mainiacjoe_overflow_brackets, fedhas_altar_2
D:7:      layout_basic, grunt_temple_overflow_holy_war, serial_corexii_hall,
          corexii_hall_statues_x, chequers_hall_statues_corner_a
D:8:      layout_loops_cross, dpeg_oklobed_lair, minmay_misc_feat_secret_circle
D:9:      layout_irregular_city, kennysheep_mini,
          chequers_temple_overflow_statue_of_worship, hiddenorc2_lemuel,
          ebering_ghost_inner_flame, serial_shops, shop
D:10:     layout_cave_pools, bloody_makhleb, hellmonk_ghost_big_iron,
          hellmonk_guarded_unrand_vitality_bloodlust, uniq_grum, uniq_sonja
D:11:     layout_rooms
D:12:     layout_basic, serial_shops, nicolae_shop_hallway_plus
D:13:     layout_cave_pools, david_vaults_5, serial_shops, nicolae_stop_n_shop_2
D:14:     layout_gridville, okawaru_metal_pillars_3, grunt_decor_mini_mirrors,
          chequers_jeans
D:15:     grunt_enter_depths_snipers, layout_irregular_city, bloody_trog
Lair:1:   layout_concentric_octagons, grunt_megastairs_4
Lair:2:   layout_gridlike, kennysheep_rathole, infiniplex_staircase_pool_2,
          serial_bayou_shore_a, grunt_megastairs_2
Lair:3:   layout_regular_city, minmay_swamp_entry_reptiles,
          minmay_snake_entry_spellcaster, gammafunk_ghost_wrathful_warriors
Lair:4:   layout_regular_city, minmay_slime_entry_pillars, nzn_random_ring
Lair:5:   wormcave, layout_cave_pods, hangedman_lair_in_review
Orc:1:    dreamdust_dug_too_deep, layout_caves,
          portal_ice_cave_entry_ice_simulacra, library_closet,
          nicolae_orc_damp_corner, uniq_gastronok

Skill      XL: |  1  2  3  4  5  6  7  8  9 10 11 12 13 14 15 16 |
---------------+-------------------------------------------------+-----
Long Blades    | 3 4 5 7 8 9 11 | 11.1
Shields        | 3 6 |  6.7
Fighting       | 4 7 9 10 | 10.4
Dodging        | 6 7 9 12 | 12.0
Armour         | 4 |  4.2
Spellcasting   | 4 8 9 |  9.3
Translocations | 4 6 10 13 | 13.3
Fire Magic     | 5 7 |  7.7
Conjurations   | 5 8 |  8.6
Stealth        | |  5.0

Action                   |  1- 3 |  4- 6 |  7- 9 | 10-12 | 13-15 | 16-18 || total
-------------------------+-------+-------+-------+-------+-------+-------++-------
Melee: Falchion          |     6 |   234 |   347 |  1189 |  1222 |       ||  2998
       Punch             |       |     5 |       |       |       |       ||     5
       Scimitar          |       |       |       |       |   278 |   266 ||   544
Throw: Throwing net      |       |       |       |     1 |       |       ||     1
       Dart              |       |       |       |     1 |    11 |       ||    12
 Cast: Manifold Assault  |       |       |       |    40 |   181 |    88 ||   309
       Fireball          |       |       |       |     3 |    77 |     4 ||    84
       Blink             |       |       |       |       |     1 |       ||     1
Invok: Curse Item        |       |     3 |     2 |     3 |     2 |     1 ||    11
       Shatter the Chain |       |       |       |     1 |     2 |       ||     3
Evoke: Wand              |     4 |     8 |     7 |    22 |    13 |       ||    54
  Use: Scroll            |       |     7 |       |     5 |    12 |       ||    24
       Potion            |       |       |       |     3 |     7 |       ||    10
 Stab: Sleeping          |       |    14 |    12 |    13 |    11 |     2 ||    52
       Distracted        |       |       |     1 |     6 |     2 |       ||     9
       Paralysed         |       |       |     3 |       |     4 |       ||     7
       Held in net/web   |       |       |       |     1 |       |       ||     1
       Confused          |       |       |       |       |     2 |       ||     2
Armor: Leather armour    |     1 |    42 |    32 |    58 |       |       ||   133
       Robe              |       |       |       |    25 |    65 |    10 ||   100
       Skin              |       |       |       |    12 |       |       ||    12
Dodge: Dodged            |     6 |   204 |   153 |   641 |   682 |   125 ||  1811
Block: Buckler           |       |     2 |    78 |   473 |   460 |    52 ||  1065

Table legend: (Time is in decaauts)
 A = Elapsed time spent in this place.
 B = Non-inter-level travel time spent in this place.
 C = Inter-level travel time spent in this place.
 D = Time resting spent in this place.
 E = Time spent auto-exploring this place.
 F = Levels seen in this place.
 G = Mean time per level.
                   A        B        C        D        E       F      G
               +--------+--------+--------+--------+--------+-----+--------+
         Total |  29789 |  28596 |   1193 |   6848 |  16580 |  21 | 1418.5 |
       Dungeon |  18322 |  17530 |    792 |   3459 |  10890 |  15 | 1221.5 |
          Lair |  10572 |  10175 |    397 |   3206 |   5167 |   5 | 2114.4 |
  Orcish Mines |    893 |    890 |      3 |    182 |    522 |   1 |  893.0 |
               +--------+--------+--------+--------+--------+-----+--------+

Top non-repeatable levels by time:
  Lair:2: 2889 daAuts
     D:9: 2521 daAuts
  Lair:1: 2428 daAuts
  Lair:4: 2197 daAuts
    D:10: 1718 daAuts
     D:6: 1695 daAuts
  Lair:3: 1693 daAuts
     D:8: 1690 daAuts
     D:4: 1399 daAuts
  Lair:5: 1364 daAuts
     D:5: 1319 daAuts
    D:13: 1181 daAuts
     D:2: 1044 daAuts
    D:12: 991 daAuts
     D:3: 957 daAuts
